 Dungeon Crawl Stone Soup version 0.23.2-1-ga50397a (webtiles) character file.

Game seed: 4182575270929150858

109 MalarOregon the Ruffian (level 4, 0/38 HPs)
             Began as a Ghoul Gladiator on June 1, 2019.
             Was an Initiate of Makhleb.
             Killed from afar by an orc wizard (6 damage)
             ... with a magic dart
             ... on level 3 of the Dungeon.
             The game lasted 00:03:58 (1792 turns).

MalarOregon the Ruffian (Ghoul Gladiator)           Turns: 1792, Time: 00:03:58

Health: 0/38       AC:  4    Str: 17    XL:     4   Next: 90%
Magic:  3/3        EV: 12    Int:  4    God:    Makhleb [......]
Gold:   99         SH:  0    Dex: 10    Spells: 3/3 levels left

rFire    . . .     SeeInvis .     - Unarmed
rCold    + . .     Gourm    .   (no shield)
rNeg     + + +     Faith    .   q - +0 leather armour (curse)
rPois    ∞         Spirit   .   b - +0 helmet
rElec    .         Reflect  .   (no cloak)
rCorr    .         Harm     .   (no gloves)
MR       .....                  (no boots)
Stlth    ++........             (no amulet)
HPRegen  0.00/turn              (no ring)
MPRegen  0.08/turn              (no ring)

@: rotting
A: rotting body, claws 1, carnivore, cold resistance 1, negative energy
resistance 3, inhibited regeneration, torment resistance, unbreathing
a: Renounce Religion


You were on level 3 of the Dungeon.
You worshipped Makhleb.
Makhleb was noncommittal.
You were not hungry.

You visited 1 branch of the dungeon, and saw 3 of its levels.

You collected 99 gold pieces.

Inventory:

Missiles
 c - 3 throwing nets (quivered) {!f}
Armour
 b - a +0 helmet (worn)
 q - a cursed +0 leather armour (worn)
   (You found it on level 2 of the Dungeon)
Wands
 d - a wand of iceblast (6)
   (You found it on level 3 of the Dungeon)
Scrolls
 f - 3 scrolls of remove curse {unknown}
 g - 2 scrolls of fog {unknown}
 h - 2 scrolls of enchant weapon {unknown}
 i - a scroll of identify {unknown}
 j - a scroll of fear {unknown}
 k - a scroll of teleportation {unknown}
 n - a scroll of blinking {unknown}
 o - a scroll of amnesia {unknown}
Potions
 l - a potion of mutation {unknown}
 m - a potion of heal wounds {unknown}
 p - a potion of magic {unknown}
Comestibles
 e - 5 rations {!d}


   Skills:
 + Level 3.2 Fighting
 - Level 1.7 Throwing
 - Level 2.6 Dodging
 + Level 2.2 Stealth
 * Level 4.6 Unarmed Combat
 + Level 1.2 Invocations


You had 3 spell levels left.
You didn't know any spells.
Your spell library was empty.

Dungeon Overview and Level Annotations

Branches:
Dungeon (3/15)

Altars:
Cheibriados
Kikubaaqudgha
Makhleb
Nemelex Xobeh
Ru
Uskayaw
Vehumet


Innate Abilities, Weirdness & Mutations

Your body is rotting away.
You thrive on raw meat.
You are immune to poison.
You have sharp fingernails.
You are carnivorous and can eat meat at any time.
Your flesh is cold resistant. (rC+)
You are immune to negative energy. (rN+++)
You do not regenerate when monsters are visible.
You are immune to unholy pain and torment.
You can survive without breathing.


Message History

The orc wizard blinks!
The orc wizard hits you with a +0 dagger.
Eat one of 3 chunks of flesh? (ye/n/q)
You eat one of the 3 chunks of flesh.
This raw flesh tastes great!
The orc wizard hits you but does no damage. x2
You scratch the orc wizard. The orc wizard misses you.
You miss the orc wizard.
The orc wizard hits you but does no damage.
You scratch the orc wizard.
The orc wizard hits you but does no damage.
The orc wizard casts a spell.
The orc wizard blinks!
Things that are here:
a +0 whip; a +0 leather armour You scratch the orc wizard but do no damage.
The orc wizard hits you with a +0 dagger.
You scratch the orc wizard. The orc wizard misses you.
You closely miss the orc wizard.
The orc wizard points at you and mumbles some strange words.
The magic dart hits you.
The orc wizard gestures at you while chanting.
The magic dart hits you!
You claw the orc wizard!
The orc wizard gestures at you while chanting.
The magic dart hits you.
* * * LOW HITPOINT WARNING * * *
The orc wizard barely misses you.
Eat one of 2 chunks of flesh? (ye/n/q)
You eat one of the 2 chunks of flesh.
This raw flesh tastes great!
The orc wizard gestures at you while chanting.
The magic dart hits you!
* * * LOW HITPOINT WARNING * * *
The orc wizard hits you with a +0 dagger.
* * * LOW HITPOINT WARNING * * *
Eat a chunk of flesh? (ye/n/q)
You eat the chunk of flesh.
This raw flesh tastes great!
The orc wizard casts a spell at you. The magic dart hits you.
* * * LOW HITPOINT WARNING * * *
You closely miss the orc wizard.
The orc wizard points at you and mumbles some strange words.
The magic dart hits you.
* * * LOW HITPOINT WARNING * * *
The orc wizard barely misses you.
You barely miss the orc wizard.
The orc wizard hits you but does no damage.
The orc wizard closely misses you.
The orc wizard points at you and mumbles some strange words.
The magic dart hits you.
You die...

....................
#.....#####.......
#.....# #.#.####
#######.....#####.#.#
..................#.#
######.###########.#
#.# #.#### #o# #.....
#@# #####. #o# #. #.#
#. #.# #. #.# #. #.#
#. ..# ## ###


You could see 2 orc wizards.

Vanquished Creatures
  5 adders
  2 worms (D:2)
  A dart slug (D:1)
  A leopard gecko (D:2)
  2 orcs (D:3)
  A ball python (D:1)
  6 bats
  2 giant cockroaches (D:2)
  11 goblins
  9 hobgoblins
  2 jackals (D:1)
  2 frilled lizards (D:1)
  2 kobolds (D:1)
  4 rats
50 creatures vanquished.

Notes
Turn   | Place    | Note
-------+----------+-------------------------------------------
     0 | D:1      | MalarOregon the Ghoul Gladiator began the quest for the
                  | Orb.
     0 | D:1      | Reached XP level 1. HP: 17/17 MP: 0/0
    68 | D:1      | Reached XP level 2. HP: 22/25 MP: 1/1
    85 | D:1      | Reached skill level 1 in Stealth
   279 | D:1      | Reached skill level 4 in Unarmed Combat
   279 | D:1      | Reached XP level 3. HP: 21/30 MP: 2/2
   608 | D:2      | Found a sparkling altar of Nemelex Xobeh.
   608 | D:2      | Found a sacrificial altar of Ru.
   608 | D:2      | Found a hide-covered altar of Uskayaw.
   608 | D:2      | Found a burning altar of Makhleb.
   610 | D:2      | Found a radiant altar of Vehumet.
   620 | D:2      | Became a worshipper of Makhleb the Destroyer
   890 | D:2      | Found a snail-covered altar of Cheibriados.
  1087 | D:2      | Reached XP level 4. HP: 28/37 MP: 3/3
  1106 | D:2      | Found a snail-covered altar of Cheibriados.
  1106 | D:2      | Found an ancient bone altar of Kikubaaqudgha.
  1614 | D:3      | Reached skill level 1 in Invocations
  1792 | D:3      | Killed from afar by an orc wizard

Skill      XL: |  1  2  3  4 |
---------------+-------------+-----
Stealth        | 1 2 |  2.2
Unarmed Combat | 4 |  4.6
Fighting       | 3 |  3.2
Invocations    | 1 |  1.2
Throwing       | |  1.7
Dodging        | |  2.6

Action                   |  1- 3 |  4- 6 || total
-------------------------+-------+-------++-------
Melee: Unarmed           |   112 |    44 ||   156
  Eat: Chunk             |     9 |     9 ||    18
Armor: Leather armour    |    62 |    18 ||    80
Dodge: Dodged            |   100 |    21 ||   121
